 Dungeon Crawl Stone Soup version 0.31-a0-246-g8cbcc1cb85 (webtiles) character file.

Game seed: 18086873119849610250

51 dolemite99 the Ruffian (level 3, 0/40 HPs)
             Began as a Demonspawn Shapeshifter on July 12, 2023.
             Was a Follower of Wu Jian.
             Slain by Grinder (5 damage)
             ... on level 3 of the Dungeon.
             The game lasted 00:01:27 (1612 turns).

dolemite99 the Ruffian (Demonspawn Shapeshifter)    Turns: 1612, Time: 00:01:28

Health: 0/40       AC: 21    Str: 17    XL:     3   Next: 57%
Magic:  3/3        EV:  2    Int:  9    God:    Wu Jian [*.....]
Gold:   113        SH:  0    Dex: 13    Spells: 2/2 levels left

rFire   . .          .
                       - Unarmed
rCold   . . .        (no shield)
rNeg    . . .        m - melded +0 ring mail
rPois   +            (helmet currently unavailable)
rElec   .            (cloak currently unavailable)
rCorr   .            (gloves currently unavailable)
SInv    .            (boots currently unavailable)
Will    .....        (no amulet)
Stlth   +            (no ring)
HPRegen 0.26/turn    (no ring)
MPRegen 0.08/turn

%: no passive effects
@: tree-form
A: stationary, stasis, torment immunity, boosted hp, (horns 1)
a: Renounce Religion


You were on level 3 of the Dungeon.
You worshipped Wu Jian.
Wu Jian was aware of your devotion.
You were a tree.
You visited 1 branch of the dungeon, and saw 3 of its levels.

You collected 113 gold pieces.

Inventory:

Hand Weapons
 e - a +1 short sword of protection
 f - a +2 dagger of draining
Missiles
 d - a throwing net
Armour
 a - a +0 animal skin
 m - a +0 ring mail (melded)
Jewellery
 g - a ring of positive energy
 h - a ring of willpower
 o - a ring of fire
Talismans
 c - a beast talisman
Scrolls
 i - 2 scrolls of identify {unknown}
 l - 2 scrolls of fear {unknown}
 q - 3 scrolls of revelation {unknown}
 r - a scroll of noise {unknown}
 s - a scroll of immolation {unknown}
 t - a scroll of enchant weapon {unknown}
Potions
 j - a potion of curing {unknown}
 k - a potion of degeneration {unknown}
 n - a potion of mutation {unknown}
 p - a potion of might {unknown}


   Skills:
 - Level 2.0 Fighting
 - Level 1.7 Dodging
 + Level 3.6 Unarmed Combat
 - Level 2.6 Shapeshifting


You had 2 spell levels left.
You didn't know any spells.
Your spell library contained the following spells:

 Spells                   Type           Power      Damage    Failure   Level
 Summon Small Mammal      Summ           0%         N/A       38%         1
 Lesser Beckoning         Tloc           0%         N/A       52%         2
 Call Canine Familiar     Summ           0%         N/A       77%         3
 Gell's Gravitas          Tloc           0%         N/A       77%         3
 Summon Guardian Golem    Hex/Summ       0%         N/A       77%         3
 Teleport Other           Tloc           0%         N/A       77%         3
 Vhi's Electric Charge    Tloc/Air       0%         N/A       77%         3
 Arcjolt                  Conj/Air       0%         1d10      100%        5
 Maxwell's Capacitive Co  Air            0%         ∞         100%        8


Dungeon Overview and Level Annotations

Branches:
Dungeon (3/15)

Altars:
Sif Muna
Wu Jian

Annotations:
D:3 Grinder


Innate Abilities, Weirdness & Mutations

You are a tree.
Your roots penetrate the ground, keeping you stationary.
You cannot be teleported.
You are immune to unholy pain and torment.
Your maximum health is greatly increased.
Your equipment is partially melded.
((You have a pair of small horns on your head.))


Message History

Okay, then.
(D) Dungeon
Where to? (Enter - D:2, ? - help)
What level of the Dungeon? (default 1, ? - help)
There is a stone staircase leading down here.
You climb downwards.
Found a scroll labelled ACIALIUFAE.
There is a stone staircase leading up here.
t - a scroll labelled ACIALIUFAE No target in view!
Grinder comes into view.
Found a potion of lignification.
Grinder shouts!
Grinder gestures at you. You resist with significant effort.
Grinder is nearby!
Found 17 gold pieces.
Found 15 gold pieces.
Found a shimmering blue altar of Sif Muna.
You lunge at Grinder.
You hit Grinder.
Grinder is lightly wounded.
Grinder hits you!
You writhe in agony.
You hit Grinder but do no damage.
Grinder is lightly wounded.
Found a scroll labelled QEFENA DEUXAEP.
You spin and attack Grinder.
You hit Grinder.
Grinder is lightly wounded.
Grinder hits you.
You writhe in agony.
* * * LOW HITPOINT WARNING * * *
You see here a potion of lignification.
Really quaff the potion of lignification?
Your transformation has ended.
You turn into a tree.
Your +0 ring mail melds into your body.
Your roots penetrate the ground.
Grinder hits you but does no damage.
You barely miss Grinder.
Grinder is lightly wounded.
Grinder hits you.
* * * LOW HITPOINT WARNING * * *
You writhe in agony.
You die...

?+.._.$#.#
#.....#.#
...$.#.#
#####. ....
# #..
#.#.##5####
#......♣..#
###.##.##.#
# #.##.##.#
#.......#
#####.####
#.....<.#
#.###.#.#
#....#
#.....#


You could see Grinder.

Vanquished Creatures
  An adder (D:2)
  2 dart slugs (D:1)
  An endoplasm (D:1)
  2 giant cockroaches (D:2)
  3 goblins (D:1)
  4 hobgoblins (D:1)
  3 jackals (D:2)
  2 quokkas (D:2)
  3 ball pythons
  6 bats
  2 frilled lizards (D:2)
  4 kobolds
  3 rats
36 creatures vanquished.

Notes
Turn   | Place    | Note
-------+----------+-------------------------------------------
     0 | D:1      | dolemite99 the Demonspawn Shapeshifter began the quest for
                  | the Orb.
     0 | D:1      | Reached XP level 1. HP: 16/16 MP: 1/1
   153 | D:1      | Reached skill level 2 in Unarmed Combat
   273 | D:1      | Gained mutation: You have a pair of small horns on your
                  | head. [demonic ancestry]
   273 | D:1      | Reached XP level 2. HP: 19/21 MP: 2/2
   752 | D:2      | Reached skill level 3 in Unarmed Combat
   880 | D:2      | Reached XP level 3. HP: 26/27 MP: 3/3
  1063 | D:2      | Found a faded altar of an unknown god.
  1074 | D:2      | Prayed at the altar of an unknown god.
  1074 | D:2      | Became a worshipper of the Wu Jian Council
  1074 | D:2      | Reached * piety under Wu Jian
  1605 | D:3      | Noticed Grinder
  1608 | D:3      | Found a shimmering blue altar of Sif Muna.
  1612 | D:3      | Slain by Grinder

Illustrated notes

Levels and vault maps discovered:
D:1:      matt_arrival_refuge, layout_basic
D:2:      layout_loops_corners, basic_ecumenical_altar
D:3:      layout_loops_cross, amcnicky_altar_gilded, grunt_gozag_statues,
          kennysheep_generic_room_12, uniq_ijyb, uniq_grinder

Skill      XL: |  1  2 |
---------------+-------+-----
Unarmed Combat | 2 3 |  3.6
Fighting       | |  2.0
Dodging        | |  1.7
Shapeshifting  | |  2.6

Action                     || total
---------------------------++-------
  Melee: Unarmed           ||    32
         Dagger            ||    40
         Headbutt          ||     4
         Punch             ||     1
Ability: Lunge             ||     3
         Whirlwind         ||     1
    Use: Potion            ||     1
 Armour: Animal skin       ||    12
         Ring mail         ||     3
         Skin              ||     1
  Dodge: Dodged            ||    32

Table legend: (Time is in decaauts)
 A = Elapsed time spent in this place.
 B = Non-inter-level travel time spent in this place.
 C = Inter-level travel time spent in this place.
 D = Time resting spent in this place.
 E = Time spent auto-exploring this place.
 F = Levels seen in this place.
 G = Mean time per level.
                   A        B        C        D        E       F      G
               +--------+--------+--------+--------+--------+-----+--------+
         Total |   1609 |   1566 |     43 |     18 |   1261 |   3 |  536.3 |
       Dungeon |   1609 |   1566 |     43 |     18 |   1261 |   3 |  536.3 |
               +--------+--------+--------+--------+--------+-----+--------+

Top non-repeatable levels by time:
     D:2: 873 daAuts
     D:1: 723 daAuts
     D:3: 12 daAuts
